 Dungeon Crawl Stone Soup version 0.26-a0-651-gb41185065b (webtiles) character file.

Game seed: 17012188499810198797

(classic levelgen) 2913 EnegeticOcto the Cleaver (level 9, -4/79 HPs)
             Began as a Deep Dwarf Delver on Oct 23, 2020.
             Was a Believer of Ru.
             Slain by a troll (6 damage)
             ... on level 9 of the Dungeon.
             The game lasted 00:07:11 (1127 turns).

EnegeticOcto the Cleaver (Deep Dwarf Delver)        Turns: 1127, Time: 00:07:11

Health: -4/79      AC: 10    Str: 16    XL:     9   Next: 49%
Magic:  0/0        EV:  4    Int: 20    God:    Ru [**....]
Gold:   89         SH:  0    Dex: 10    Spells: 13/13 levels left

rFire    . . .     SeeInvis .   w - +4 battleaxe
rCold    . . .     Faith    .   (shield currently unavailable)
rNeg     . . .     Spirit   .   C - +0 plate armour
rPois    .         Reflect  .   (no helmet)
rElec    .         Harm     .   (no cloak)
rCorr    .         Rampage  .   (no gloves)
MR       +....                  (no boots)
Stlth    ..........             (no amulet)
HPRegen  0.00/turn              k - -4 ring of dexterity
MPRegen  0.07/turn              i - +6 ring of intelligence

@: non-regenerating
A: damage resistance, heal wounds, sense surroundings 2, unskilled 1, no
regeneration
a: Heal Wounds, Renounce Religion


You were on level 9 of the Dungeon.
You worshipped Ru.
Ru was pleased with you.
You visited 2 branches of the dungeon, and saw 7 of its levels.
You also visited: Ossuary.

You collected 131 gold pieces.
You spent 42 gold pieces at shops.

Inventory:

Hand Weapons
 a - a +0 hand axe
 m - a +0 war axe
 w - a +4 battleaxe (weapon)
Missiles
 j - 13 poisoned darts (quivered)
Armour
 b - a +0 leather armour
 n - a +0 ring mail
 C - a +0 plate armour (worn)
Jewellery
 i - a +6 ring of intelligence (right hand)
 k - a -4 ring of dexterity (left hand)
Wands
 d - a wand of random effects (16)
 g - a wand of digging (5) {@v3}
 l - a wand of disintegration (9)
 y - a wand of polymorph (12)
Scrolls
 c - 2 scrolls of fog
 e - 2 scrolls of fear
 t - 4 scrolls of immolation {@r4}
 u - a scroll of remove curse {@r2}
 D - a scroll of magic mapping {@r5}
 E - a scroll of teleportation {@r3}
Potions
 f - a potion of haste {@q4}
 h - 4 potions of curing {@q1}
 o - 2 potions of lignification {unknown}
 p - 2 potions of stabbing {unknown}
 q - 2 potions of might {@q3}
 r - 3 potions of flight
 s - a potion of mutation {unknown}
 v - 3 potions of degeneration {unknown}
 x - 2 potions of brilliance {unknown}
 z - 3 potions of heal wounds {unknown}
 A - a potion of berserk rage {unknown}
 B - 2 potions of ambrosia {unknown}


   Skills:
 - Level 4.5 Fighting
 * Level 11.1 Axes
 - Level 2.0 Dodging
 - Level 5.4 Stealth
 - Level 2.6 Spellcasting
 - Level 4.5 Evocations


You had 13 spell levels left.
You didn't know any spells.
Your spell library was empty.

Dungeon Overview and Level Annotations

Branches:
Dungeon (9/15)             Temple (1/1) D:4         Ossuary (visited)
   Lair: D:8-11         Orc: D:9-12

Altars:
Cheibriados
Elyvilon
Fedhas
Hepliaklqana
Kikubaaqudgha
Makhleb
Ru
Sif Muna
Trog
Vehumet
Wu Jian
Xom

Shops:
D:5 *


Innate Abilities, Weirdness & Mutations

You are resistant to damage.
You can heal yourself by infusing magical energy.
You passively map the area around you.
You are somewhat unskilled. (-1 Apt)
You do not regenerate.


Message History

The ice beast is almost dead.
The ice beast hits you but does no damage.
You slice the ice beast!!
You kill the ice beast!
No target in view!
No target in view!
No target in view!
No target in view!
No target in view!
No target in view!
No target in view!
No target in view!
No target in view!
You feel much better.
No target in view!
Things that are here:
a killer bee corpse; a killer bee corpse
(D) Dungeon (T) Temple
Where to? (Enter - Temple @ (x,y), ? - help)
There is a stone staircase leading down here.
You climb downwards.
An ice beast, 6 orcs and a troll come into view.
The orc wizard shouts!
The orc warrior shouts!
The orc shouts!
Found seven items.
There is a stone staircase leading up here.
The orc warrior hits you from afar with a +0 glaive!
Found a stone staircase leading up.
A bullfrog comes into view.
The orc completely misses you. The orc hits you but does no damage.
You see here 11 arrows.
You hit the orc warrior.
The orc warrior is lightly wounded.
You slash the orc!
You kill the orc!
You hit the orc.
The orc wizard gestures at you while chanting.
The puff of frost hits you. The orc hits you with a +0 flail.
You slash the orc!
You kill the orc!
Your plate armour prevents you from hitting the ice beast.
You closely miss the orc warrior.
The orc warrior hits you with a +0 glaive!
The ice beast hits you but does no damage.
You hit the orc warrior.
The orc warrior is moderately wounded.
You barely miss the orc. You slash the orc wizard!
You closely miss the ice beast. The orc warrior barely misses you.
The orc wizard hits you but does no damage.
The ice beast hits you but does no damage.
You slash the orc wizard!
You kill the orc wizard!
Your Axes skill increases to level 11!
You barely miss the orc. You slash the orc!
You kill the orc!
You barely miss the orc warrior. You slash the ice beast!
The orc warrior hits you with a +0 glaive.
The ice beast barely misses you. The orc hits you but does no damage.
You hit the orc warrior but do no damage.
The orc warrior is moderately wounded.
You hit the ice beast. You slash the orc!
You kill the orc!
You barely miss the troll. The ice beast hits you. The ice beast freezes you!
The orc warrior hits you with a +0 glaive.
The troll bites you!
The troll claws you but does no damage. x2
You are too injured to fight recklessly!
You are too injured to fight recklessly!
You feel much better. The ice beast barely misses you.
The orc warrior hits you with a +0 glaive.
The troll completely misses you. The troll claws you. The troll claws you!
You are too injured to fight recklessly!
You are too injured to fight recklessly!
Your magical essence is drained by the effort!
You feel much better.
The ice beast hits you but does no damage.
The troll bites you. The troll claws you! The troll completely misses you.
The orc warrior hits you with a +0 glaive.
You slash the orc warrior!
The orc warrior is severely wounded.
You closely miss the troll. You slash the ice beast!
You are no longer poisoned.
The ice beast hits you but does no damage.
The troll bites you! The troll claws you. x2
You completely miss the orc warrior.
The orc warrior is severely wounded.
You slash the ice beast!
You kill the ice beast!
You slash the troll!
The orc warrior hits you with a +0 glaive.
The bullfrog hits you. The troll bites you.
The troll claws you but does no damage. The troll claws you!
You slash the orc warrior!
The orc warrior is almost dead.
You hit the bullfrog. You slash the troll!
The bullfrog hits you but does no damage.
The orc warrior hits you with a +0 glaive!
* * * LOW HITPOINT WARNING * * *
The troll bites you!
* * * LOW HITPOINT WARNING * * *
The troll claws you but does no damage. The troll claws you!
You die...

* ,* * ,* ## * #.
* ###.##########
* * +
*###............#
,, *
<.......<.....!#
, ,
##...).T......#
+, #?..)@o...(..#
, #...))F/.....#
, ,
#............# ,
,* #............#
, ,
#.......!....# **
#............# ,
########....#
###.# ,, ,,, ,,


You could see a troll, an orc warrior and a bullfrog.

Vanquished Creatures
  A two-headed ogre (D:8)
  Prince Ribbit (D:7)
  A hippogriff (D:8)
  An orc warrior (D:7)
  3 ice beasts
  5 necrophages (D:8)
  An ogre (D:8)
  A centaur (D:8)
  2 bullfrogs
  Blork the orc (D:4)
  4 killer bees (D:8)
  4 wights (D:8)
  A hound (D:4)
  A bullfrog zombie (D:8)
  2 centaur skeletons
  2 orc priests
  3 orc wizards
  A bullfrog skeleton (D:5)
  An iguana (D:4)
  5 mummies (Ossuary)
  An adder (D:4)
  A shadow imp (D:6)
  A white imp (D:8)
  An ufetubus (D:8)
  An adder skeleton (D:4)
  11 orcs
  A giant cockroach (D:5)
  A hobgoblin zombie (Ossuary)
  An orc zombie (Ossuary)
60 creatures vanquished.

Vanquished Creatures (others)
  A leopard gecko (D:4)
  A withered plant (D:8)
2 creatures vanquished.

Grand Total: 62 creatures vanquished

Notes
Turn   | Place    | Note
-------+----------+-------------------------------------------
     0 | D:5      | EnegeticOcto the Deep Dwarf Delver began the quest for the
                  | Orb.
     0 | D:5      | Reached XP level 1. HP: 20/20 MP: 1/1
    22 | D:5      | Reached skill level 3 in Axes
    22 | D:5      | Reached XP level 2. HP: 20/27 MP: 2/2
    35 | D:5      | Reached skill level 4 in Axes
    35 | D:5      | Reached XP level 3. HP: 27/33 MP: 3/3
    52 | D:5      | Found a snail-covered altar of Cheibriados.
   159 | D:4      | Reached skill level 5 in Axes
   159 | D:4      | Reached XP level 4. HP: 36/40 MP: 4/4
   163 | D:4      | Found a staircase to the Ecumenical Temple.
   168 | Temple   | Entered the Ecumenical Temple
   181 | Temple   | Became a worshipper of Ru the Awakened
   255 | D:4      | Noticed Blork the orc
   269 | D:4      | Killed Blork the orc
   269 | D:4      | Reached skill level 1 in Spellcasting
   269 | D:4      | Reached XP level 5. HP: 35/49 MP: 3/5
   325 | D:4      | Found a sand-covered staircase.
   333 | Ossuary  | Entered an ossuary
   371 | Ossuary  | Reached skill level 6 in Axes
   415 | Ossuary  | Reached XP level 6. HP: 44/56 MP: 3/5
   439 | Ossuary  | Reached skill level 1 in Evocations
   635 | D:5      | Bought a scroll of magic mapping for 42 gold pieces
   699 | D:7      | Noticed Prince Ribbit
   703 | D:7      | Noticed an orc warrior
   725 | D:7      | Reached XP level 7. HP: 37/63 MP: 4/6
   738 | D:7      | Reached skill level 7 in Axes
   740 | D:7      | Killed Prince Ribbit
   806 | D:8      | Noticed a hippogriff
   827 | D:8      | Killed a hippogriff
   827 | D:8      | Reached XP level 8. HP: 47/73 MP: 3/5
   865 | D:8      | Reached skill level 8 in Axes
   922 | D:8      | Reached skill level 5 in Evocations
   933 | D:8      | Reached skill level 5 in Fighting
   933 | D:8      | Reached skill level 9 in Axes
   934 | D:8      | Gained mutation: You are somewhat unskilled. (-1 Apt) [Ru
                  | sacrifice]
   934 | D:8      | Reduced skill Axes to level 8
   934 | D:8      | Reduced skill Stealth to level 5
   934 | D:8      | Reached * piety under Ru
   934 | D:8      | Reached ** piety under Ru
   962 | D:8      | Noticed a two-headed ogre
   969 | D:8      | Killed a two-headed ogre
   969 | D:8      | Reached skill level 10 in Axes
   969 | D:8      | Gained mutation: You passively map the area around you.
                  | [Deep Dwarf growth]
   969 | D:8      | Reached XP level 9. HP: 33/79 MP: 5/5
  1115 | D:9      | Noticed a troll
  1121 | D:9      | Reached skill level 11 in Axes
  1127 | D:9      | HP: 2/79 [troll (8)]
  1127 | D:9      | Slain by a troll

Illustrated notes

Levels and vault maps discovered:
D:4:      layout_rooms, kennysheep_mini, temple_doors_ab,
          lightli_ossuary_entry_decrepit_ruins, minmay_misc_feat_alley,
          uniq_blork_the_orc
D:5:      layout_cave_pools, lemuel_doored_altar, serial_shops, shop,
          basic_altar
D:6:      layout_basic, uniq_menkaure, uniq_duvessa
D:7:      layout_basic, marbit_many_paths, corexii_leaking_fountain,
          uniq_prince_ribbit1, uniq_crazy_yiuf_cottage, uniq_joseph
D:8:      lemuel_ice_spiral_2, layout_basic, serial_undead, serial_undead_d,
          serial_undead_f, serial_undead_d, serial_undead_c
D:9:      layout_roguey, chequers_temple_overflow_statue_of_worship,
          kennysheep_generic_room_13, uniq_maggie
Temple:   cyrus_circular_temple

Skill      XL: |  1  2  3  4  5  6  7  8  9 |
---------------+----------------------------+-----
Axes           | 3 4 5 6 7 10 11 | 11.1
Fighting       | 3 4 4 |  4.5
Spellcasting   | 1 2 2 |  2.6
Evocations     | 2 3 4 |  4.5
Stealth        | 5 |  5.4
Dodging        | |  2.0

Action                   |  1- 3 |  4- 6 |  7- 9 || total
-------------------------+-------+-------+-------++-------
Melee: Hand axe          |    37 |       |       ||    37
       War axe           |     5 |   126 |    47 ||   178
       Battleaxe         |       |       |   101 ||   101
Throw: Dart              |       |       |     2 ||     2
Invok: Sacrifice Skill   |       |       |     1 ||     1
 Abil: Heal Wounds       |     2 |    15 |    25 ||    42
Evoke: Wand              |       |     2 |     6 ||     8
  Use: Scroll            |     1 |     4 |     4 ||     9
 Stab: Sleeping          |       |     1 |       ||     1
Armor: Leather armour    |     6 |       |       ||     6
       Ring mail         |     4 |    12 |       ||    16
       Plate armour      |       |    73 |   178 ||   251
Dodge: Dodged            |    33 |    60 |    60 ||   153

Table legend: (Time is in decaauts)
 A = Elapsed time spent in this place.
 B = Non-inter-level travel time spent in this place.
 C = Inter-level travel time spent in this place.
 D = Time resting spent in this place.
 E = Time spent auto-exploring this place.
 F = Levels seen in this place.
 G = Mean time per level.
                   A        B        C        D        E       F      G
               +--------+--------+--------+--------+--------+-----+--------+
         Total |   1182 |   1166 |     16 |      0 |      0 |   8 |  147.8 |
       Dungeon |    974 |    970 |      4 |      0 |      0 |   6 |  162.3 |
        Temple |     26 |     14 |     12 |      0 |      0 |   1 |   26.0 |
       Ossuary |    181 |    181 |      0 |      0 |      0 |   1 |  181.0 |
               +--------+--------+--------+--------+--------+-----+--------+

Top non-repeatable levels by time:
     D:8: 329 daAuts
     D:4: 285 daAuts
 Ossuary: 181 daAuts
     D:5: 169 daAuts
     D:7: 114 daAuts
     D:6: 62 daAuts
  Temple: 26 daAuts
     D:9: 12 daAuts
